MWL (24 & UNDER)
LEE'S SUMMIT TIGERS @ BARRY'S BAY ORIOLES
06/06/2028
 
TOP OF THE 1ST
Lee's Summit Tigers batting - Pitching for Barry's Bay Orioles : RHP Richard Manley
Pitching: RHP Richard Manley
Batting: RHB Stan Taylor 0-0: Ball
1-0: Called Strike
1-1: Ball
2-1: Foul Ball, location: 2F
2-2: Strikes out looking
Batting: RHB Ricardo Velásquez 0-0: Ball
1-0: Ball
2-0: Ground out 4-3 (Groundball, 4)
Batting: LHB Dudley Cooper 0-0: Fly out, F9 (Flyball, 9S)
Top of the 1st over - 0 run(s), 0 hit(s), 0 error(s), 0 left on base; Lee's Summit 0 - Barry's Bay 0
BOTTOM OF THE 1ST
Barry's Bay Orioles batting - Pitching for Lee's Summit Tigers : LHP António Ruíz
Pitching: LHP António Ruíz
Batting: SHB Emílio Calvillo 0-0: Ball
1-0: Swinging Strike
1-1: Called Strike
1-2: Ball
2-2: Strikes out swinging
Batting: SHB Terry Christian 0-0: Foul Ball, location: 2F
0-1: Called Strike
0-2: Ball
1-2: Ball
2-2: Ground out 6-3 (Groundball, 6)
Batting: RHB Jason Ward 0-0: Ball
1-0: Fly out, F8 (Line Drive, 8LD)
Bottom of the 1st over - 0 run(s), 0 hit(s), 0 error(s), 0 left on base; Lee's Summit 0 - Barry's Bay 0
TOP OF THE 2ND
Lee's Summit Tigers batting - Pitching for Barry's Bay Orioles : RHP Richard Manley
Batting: LHB Al Miller 0-0: Ball
1-0: Ball
2-0: Called Strike
2-1: Ball
3-1: Called Strike
3-2: Foul Ball, location: 2F
3-2: Foul Ball, location: 2F
3-2: Base on Balls
Batting: LHB Glenn Williamson 0-0: Ball
1-0: Called Strike
1-1: Ball
2-1: Foul Ball, location: 2F
2-2: Ball
3-2: Fly out, F9 (Line Drive, 89M)
Batting: RHB Valentín Saldaña 0-0: SINGLE (Line Drive, 3)
Al Miller to second
Batting: SHB Jeff Hernández 0-0: Ball
1-0: Ball
2-0: Ball
3-0: Called Strike
3-1: Called Strike
3-2: Foul Ball, location: 2F
3-2: Foul Ball, location: 2F
3-2: SINGLE (Groundball, 6D)
Al Miller to third
Valentín Saldaña to second
Runner from 3rd tries for Home, SAFE, throw made home
Batting: LHB José Guerrero 0-0: Ball
Wild Pitch!
Valentín Saldaña to third
Jeff Hernández to second
1-0: Swinging Strike
1-1: Ball
2-1: Swinging Strike
2-2: Strikes out swinging
Batting: RHB Travis Ezell 0-0: Fly out, F2 (Popup, 25)
Top of the 2nd over - 1 run(s), 2 hit(s), 0 error(s), 2 left on base; Lee's Summit 1 - Barry's Bay 0
BOTTOM OF THE 2ND
Barry's Bay Orioles batting - Pitching for Lee's Summit Tigers : LHP António Ruíz
Batting: LHB T.J. Richardson 0-0: Ground out 4-3 (Groundball, 4)
Batting: RHB Troy González 0-0: Ball
1-0: Ball
2-0: Foul Ball, location: 2F
2-1: Fly out, F5 (Line Drive, 56)
Batting: RHB Octávio Aldeguer 0-0: Called Strike
0-1: Ball
1-1: Ball
2-1: SINGLE (Groundball, 6MD)
Batting: SHB Garrett Waller 0-0: Ball
1-0: Called Strike
1-1: Foul Ball, location: 2F
1-2: Fly out, F9 (Flyball, 9S)
Bottom of the 2nd over - 0 run(s), 1 hit(s), 0 error(s), 1 left on base; Lee's Summit 1 - Barry's Bay 0
TOP OF THE 3RD
Lee's Summit Tigers batting - Pitching for Barry's Bay Orioles : RHP Richard Manley
Batting: RHB Stan Taylor 0-0: Called Strike
0-1: Ball
1-1: Ball
2-1: Ball
3-1: SINGLE (Groundball, 56D)
Batting: RHB Ricardo Velásquez 0-0: Ball
1-0: Called Strike
Stan Taylor steals 2nd base
1-1: Foul Ball, location: 2F
1-2: Ball
2-2: Foul Ball, location: 2F
2-2: Ball
3-2: Foul Ball, location: 2F
3-2: Base on Balls
Batting: LHB Dudley Cooper 0-0: Ball
1-0: Ball
2-0: Called Strike
2-1: Swinging Strike
2-2: Strikes out swinging
Batting: LHB Al Miller 0-0: Fly out, F7 (Flyball, 7LM)
Batting: LHB Glenn Williamson 0-0: Ball
1-0: Ball
2-0: Foul Ball, location: 2F
2-1: Foul Ball, location: 2F
2-2: Ball
3-2: Foul Ball, location: 2F
3-2: Strikes out swinging
Top of the 3rd over - 0 run(s), 1 hit(s), 0 error(s), 2 left on base; Lee's Summit 1 - Barry's Bay 0
BOTTOM OF THE 3RD
Barry's Bay Orioles batting - Pitching for Lee's Summit Tigers : LHP António Ruíz
Batting: LHB Ryan Rheaume 0-0: Ground out 6-3 (Groundball, 6)
Batting: RHB Bill Pike 0-0: Called Strike
0-1: Ball
1-1: Called Strike
1-2: Strikes out swinging
Batting: SHB Emílio Calvillo 0-0: Fly out, F9 (Flyball, 9S)
Bottom of the 3rd over - 0 run(s), 0 hit(s), 0 error(s), 0 left on base; Lee's Summit 1 - Barry's Bay 0
TOP OF THE 4TH
Lee's Summit Tigers batting - Pitching for Barry's Bay Orioles : RHP Richard Manley
Batting: RHB Valentín Saldaña 0-0: Ball
1-0: Ball
2-0: Bunt missed!
2-1: Ball
3-1: Called Strike
3-2: Strikes out swinging
Batting: SHB Jeff Hernández 0-0: Ball
1-0: Ball
2-0: Ball
3-0: Base on Balls
Batting: LHB José Guerrero 0-0: Ball
1-0: Ball
2-0: Ball
3-0: Base on Balls
Jeff Hernández to second
Batting: RHB Travis Ezell 0-0: Called Strike
0-1: Foul Ball, location: 2F
0-2: Ball
1-2: Ball
2-2: Fielders Choice at 2nd, 4-6 (Groundball, 4)
Jeff Hernández to third
Batting: RHB Stan Taylor 0-0: Fielders Choice at 2nd, 6-4 (Groundball, 6)
Top of the 4th over - 0 run(s), 0 hit(s), 0 error(s), 1 left on base; Lee's Summit 1 - Barry's Bay 0
BOTTOM OF THE 4TH
Barry's Bay Orioles batting - Pitching for Lee's Summit Tigers : LHP António Ruíz
Batting: SHB Terry Christian 0-0: Ball
1-0: Called Strike
1-1: Swinging Strike
1-2: Ball
2-2: Ball
3-2: Base on Balls
Batting: RHB Jason Ward 0-0: Swinging Strike
0-1: Ball
1-1: Foul Ball, location: 2F
1-2: Strikes out swinging
Batting: LHB T.J. Richardson 0-0: Ball
1-0: Foul Ball, location: 2F
1-1: Ball
2-1: Fly out, F8 (Flyball, 8RM)
Batting: RHB Troy González 0-0: Ball
1-0: Called Strike
1-1: DOUBLE (Flyball, 78XD)
Terry Christian to third
Batting: RHB Octávio Aldeguer 0-0: Swinging Strike
0-1: Ball
1-1: Swinging Strike
1-2: Strikes out swinging
Bottom of the 4th over - 0 run(s), 1 hit(s), 0 error(s), 2 left on base; Lee's Summit 1 - Barry's Bay 0
TOP OF THE 5TH
Lee's Summit Tigers batting - Pitching for Barry's Bay Orioles : RHP Richard Manley
Pitching: RHP Aaron Williams
Batting: RHB Ricardo Velásquez 0-0: Ball
1-0: Ball
2-0: SINGLE (Groundball, 25) (infield hit)
Batting: LHB Dudley Cooper 0-0: Ball
1-0: Ball
2-0: Called Strike
2-1: Foul Ball, location: 2F
2-2: Strikes out looking
Batting: LHB Al Miller 0-0: Called Strike
0-1: Ball
1-1: Foul Ball, location: 2F
1-2: Strikes out looking
Batting: LHB Glenn Williamson 0-0: Ball
1-0: Called Strike
1-1: Called Strike
1-2: Ball
2-2: Ball
3-2: Foul Ball, location: 2F
3-2: Fly out, F8 (Flyball, 8RM)
Top of the 5th over - 0 run(s), 1 hit(s), 0 error(s), 1 left on base; Lee's Summit 1 - Barry's Bay 0
BOTTOM OF THE 5TH
Barry's Bay Orioles batting - Pitching for Lee's Summit Tigers : LHP António Ruíz
Batting: SHB Garrett Waller 0-0: Ball
1-0: Ball
2-0: Called Strike
2-1: Foul Ball, location: 2F
2-2: Foul Ball, location: 2F
2-2: Ball
3-2: Foul Ball, location: 2F
3-2: Strikes out looking
Batting: LHB Ryan Rheaume 0-0: Ball
1-0: Called Strike
1-1: Swinging Strike
1-2: Ball
2-2: Foul Ball, location: 2F
2-2: Strikes out swinging
Batting: RHB Bill Pike 0-0: Foul Ball, location: 2F
0-1: Swinging Strike
0-2: Ball
1-2: Ball
2-2: Fly out, F4 (Line Drive, 4M)
Bottom of the 5th over - 0 run(s), 0 hit(s), 0 error(s), 0 left on base; Lee's Summit 1 - Barry's Bay 0
TOP OF THE 6TH
Lee's Summit Tigers batting - Pitching for Barry's Bay Orioles : RHP Aaron Williams
Batting: RHB Valentín Saldaña 0-0: Foul Ball, location: 2F
0-1: Ball
1-1: Ball
2-1: Ball
3-1: Foul Ball, location: 2F
3-2: Strikes out looking
Batting: SHB Jeff Hernández 0-0: Ball
1-0: Ball
2-0: SOLO HOME RUN (Flyball, 89XD), Distance : 370 ft
Batting: LHB José Guerrero 0-0: Ball
1-0: TRIPLE (Flyball, 8RM)
Batting: RHB Travis Ezell 0-0: Called Strike
0-1: Swinging Strike
0-2: Foul Ball, location: 2F
0-2: Strikes out looking
Batting: RHB Stan Taylor 0-0: Called Strike
0-1: Foul Ball, location: 2F
0-2: Ground out 6-3 (Groundball, 6MD)
Top of the 6th over - 1 run(s), 2 hit(s), 0 error(s), 1 left on base; Lee's Summit 2 - Barry's Bay 0
BOTTOM OF THE 6TH
Barry's Bay Orioles batting - Pitching for Lee's Summit Tigers : LHP António Ruíz
Batting: SHB Emílio Calvillo 0-0: Ball
1-0: Ball
2-0: Fly out, F4 (Popup, 34D)
Batting: SHB Terry Christian 0-0: Called Strike
0-1: Ball
1-1: Ground out 5-3 (Groundball, 56)
Batting: RHB Jason Ward 0-0: Ball
1-0: Fly out, F7 (Flyball, 7S)
Bottom of the 6th over - 0 run(s), 0 hit(s), 0 error(s), 0 left on base; Lee's Summit 2 - Barry's Bay 0
TOP OF THE 7TH
Lee's Summit Tigers batting - Pitching for Barry's Bay Orioles : RHP Aaron Williams
Batting: RHB Ricardo Velásquez 0-0: Called Strike
0-1: SINGLE (Flyball, 8LS)
Pitching: LHP Roberto Galaz
Batting: LHB Dudley Cooper 0-0: Called Strike
0-1: Ball
1-1: Ball
2-1: Ball
Ricardo Velásquez steals 2nd base
3-1: Intentional Walk
Batting: LHB Al Miller 0-0: Called Strike
0-1: SINGLE (Line Drive, 4D)
Ricardo Velásquez to third
Dudley Cooper to second
Pitching: RHP José García
Batting: LHB Glenn Williamson 0-0: Called Strike
0-1: Swinging Strike
0-2: Ball
1-2: Ball
2-2: Ball
3-2: Foul Ball, location: 2F
3-2: Strikes out swinging
Batting: RHB Valentín Saldaña 0-0: Swinging Strike
0-1: Foul Ball, location: 2F
0-2: Ball
1-2: Foul Ball, location: 2F
1-2: Foul Ball, location: 2F
1-2: Ball
2-2: Ball
3-2: Grounds into fielders choice 4-2 (Groundball, 34)
Dudley Cooper to third
Al Miller to second
Batting: SHB Jeff Hernández 0-0: Ball
1-0: Foul Ball, location: 2F
1-1: Foul Ball, location: 2F
1-2: Fielders Choice at 2nd, 4-6 (Groundball, 4)
Top of the 7th over - 0 run(s), 2 hit(s), 0 error(s), 2 left on base; Lee's Summit 2 - Barry's Bay 0
BOTTOM OF THE 7TH
Barry's Bay Orioles batting - Pitching for Lee's Summit Tigers : LHP António Ruíz
Batting: LHB T.J. Richardson 0-0: Swinging Strike
0-1: Ball
1-1: Ball
2-1: Ball
3-1: Called Strike
3-2: Foul Ball, location: 2F
3-2: Fly out, F2 (Popup, P)
Pitching: RHP Mike Spencer
Batting: RHB Troy González 0-0: Called Strike
0-1: Ball
1-1: Ball
2-1: Called Strike
2-2: Strikes out looking
Batting: RHB Octávio Aldeguer 0-0: Ball
1-0: Ball
2-0: Foul Ball, location: 2F
2-1: Swinging Strike
2-2: Foul Ball, location: 2F
2-2: Ball
3-2: Strikes out looking
Bottom of the 7th over - 0 run(s), 0 hit(s), 0 error(s), 0 left on base; Lee's Summit 2 - Barry's Bay 0
TOP OF THE 8TH
Lee's Summit Tigers batting - Pitching for Barry's Bay Orioles : RHP José García
Batting: LHB José Guerrero 0-0: Called Strike
0-1: Called Strike
0-2: Fly out, F9 (Flyball, 9S)
Batting: RHB Travis Ezell 0-0: Called Strike
0-1: Foul Ball, location: 2F
0-2: Ball
1-2: Foul Ball, location: 2F
1-2: Strikes out swinging
Batting: RHB Stan Taylor 0-0: Called Strike
0-1: Foul Ball, location: 2F
0-2: Strikes out swinging
Top of the 8th over - 0 run(s), 0 hit(s), 0 error(s), 0 left on base; Lee's Summit 2 - Barry's Bay 0
BOTTOM OF THE 8TH
Barry's Bay Orioles batting - Pitching for Lee's Summit Tigers : RHP Mike Spencer
Batting: SHB Garrett Waller 0-0: Ball
1-0: Called Strike
1-1: Ball
2-1: Swinging Strike
2-2: Strikes out swinging
Batting: LHB Ryan Rheaume 0-0: Called Strike
0-1: Ball
1-1: Ball
2-1: Foul Ball, location: 2F
2-2: Strikes out swinging
Batting: RHB Bill Pike 0-0: Ball
1-0: Swinging Strike
1-1: Called Strike
1-2: Strikes out swinging
Bottom of the 8th over - 0 run(s), 0 hit(s), 0 error(s), 0 left on base; Lee's Summit 2 - Barry's Bay 0
TOP OF THE 9TH
Lee's Summit Tigers batting - Pitching for Barry's Bay Orioles : RHP José García
Batting: RHB Ricardo Velásquez 0-0: Ball
1-0: Called Strike
1-1: Ball
2-1: Foul Ball, location: 2F
2-2: Ball
3-2: Foul Ball, location: 2F
3-2: SINGLE (Groundball, 6MD)
Batting: LHB Dudley Cooper 0-0: Ball
1-0: Called Strike
Ricardo Velásquez steals 2nd base
1-1: Foul Ball, location: 2F
1-2: Reached on error, E3 (Groundball, 34)
Ricardo Velásquez to third
Batting: LHB Al Miller 0-0: Foul Ball, location: 2F
0-1: Ball
1-1: 3-RUN HOME RUN (Flyball, 89XD), Distance : 372 ft
Pitching: LHP Edwin Parker
Batting: LHB Glenn Williamson 0-0: Called Strike
0-1: Called Strike
0-2: Ball
1-2: Ball
2-2: Strikes out swinging, 2-3 out at first.
Batting: RHB Valentín Saldaña 0-0: Called Strike
0-1: Foul Ball, location: 2F
0-2: Ball
1-2: Strikes out swinging
Batting: SHB Jeff Hernández 0-0: Ball
1-0: Swinging Strike
1-1: Ball
2-1: Foul Ball, location: 2F
2-2: Ball
3-2: Base on Balls
Batting: LHB José Guerrero 0-0: Called Strike
0-1: Foul Ball, location: 2F
0-2: Ball
1-2: Ball
2-2: Ball
3-2: Strikes out swinging
Top of the 9th over - 3 run(s), 2 hit(s), 1 error(s), 1 left on base; Lee's Summit 5 - Barry's Bay 0
BOTTOM OF THE 9TH
Barry's Bay Orioles batting - Pitching for Lee's Summit Tigers : RHP Mike Spencer
Pitching: RHP Kirby Graham
Batting: SHB Emílio Calvillo 0-0: Ground out 4-3 (Groundball, 4)
Batting: SHB Terry Christian 0-0: Called Strike
0-1: Ball
1-1: Fly out, F8 (Flyball, 8LXD)
Batting: RHB Jason Ward 0-0: Ground out 5-3 (Groundball, 5)
Bottom of the 9th over - 0 run(s), 0 hit(s), 0 error(s), 0 left on base; Lee's Summit 5 - Barry's Bay 0
Tuesday, August 8th, 2017 - OOTP Baseball 17.12 Build 75